 Dungeon Crawl Stone Soup version 0.30.1 (webtiles) character file.

Game seed: 2211583206330843528

7043 AgateBread the Skirmisher (level 10, 0/144 HPs)
             Began as a Minotaur Hunter on July 3, 2023.
             Was a Believer of Okawaru.
             Slain by Erica
             ... wielding a +1 scimitar of flaming
              (1 damage)
             ... on level 9 of the Dungeon on July 4, 2023.
             The game lasted 00:51:45 (13103 turns).

AgateBread the Skirmisher (Minotaur Hunter)        Turns: 13103, Time: 00:51:45

Health: 0/144      AC: 25    Str: 15    XL:     10   Next: 83%
Magic:  9/9        EV:  2    Int:  6    God:    Okawaru [**....]
Gold:   195        SH:  0    Dex: 19    Spells: 9/9 levels left

rFire   . . .        j - +1 dagger (elec)
rCold   + . .        (no shield)
rNeg    . . .        J - melded +3 leather armour {rN+}
rPois   +            q - melded +2 hat
rElec   .            (cloak currently unavailable)
rCorr   +            A - melded +0 pair of gloves
SInv    .            G - melded +0 pair of boots
Will    .....        N - amulet of the acrobat
Stlth   +            x - ring of protection from cold
HPRegen 0.44/turn    K - ring of resist corrosion
MPRegen 0.11/turn

%: acrobat
@: brilliant, tree-form, silenced, slowed, very slow
A: stationary, stasis, torment immunity, boosted hp, (horns 2), (retaliatory
headbutt)
a: Renounce Religion


You were on level 9 of the Dungeon.
You worshipped Okawaru.
Okawaru was pleased with you.
You were a tree.
You visited 2 branches of the dungeon, and saw 10 of its levels.
You also visited: Sewer.

You collected 485 gold pieces.
You spent 290 gold pieces at shops.

Inventory:

Hand Weapons
 a - a +0 shortbow
 i - a +0 whip of electrocution
 j - a +1 dagger of electrocution (weapon)
 u - a +2 whip of venom
 z - a +2 dagger of speed
 F - a +0 arbalest
 R - a +3 long sword
Missiles
 k - 2 atropa-tipped darts
 B - 4 silver javelins
Armour
 e - a +2 robe of willpower
 g - a +0 buckler
 q - a +2 hat (melded)
 A - a +0 pair of gloves (melded)
 G - a +0 pair of boots (melded)
 I - a +2 leather armour of fire resistance
 J - a +3 leather armour of positive energy (melded)
 M - a +0 scale mail
Magical Staves
 P - a staff of poison
Jewellery
 d - a ring of protection from cold
 x - a ring of protection from cold (left branch)
 K - a ring of resist corrosion (right branch)
 L - a ring of protection from fire
 N - an amulet of the acrobat (around neck)
Wands
 c - a wand of roots (2) (quivered)
 D - a wand of flame (48)
Scrolls
 b - 2 scrolls of immolation
 h - a scroll of magic mapping {unknown}
 l - a scroll of identify
 m - a scroll of butterflies {unknown}
 o - 4 scrolls of enchant weapon
 r - 2 scrolls of teleportation
 s - 3 scrolls of silence
 t - a scroll of vulnerability
 y - a scroll of blinking
 C - 2 scrolls of enchant armour {unknown}
 H - 2 scrolls of amnesia {unknown}
 S - a scroll of fog {unknown}
Potions
 p - 3 potions of attraction
 v - 2 potions of flight
 O - a potion of curing
 Q - a potion of brilliance


   Skills:
 + Level 11.5 Fighting
 + Level 13.2 Ranged Weapons
 - Level 4.0 Armour
 - Level 2.1 Dodging
 - Level 0.7 Stealth
 - Level 8.0 Shields


You had 9 spell levels left.
You didn't know any spells.
Your spell library contained the following spells:

 Spells                   Type           Power      Damage    Failure   Level
 Blink                    Tloc           0%         N/A       58%         2
 Cigotuvi's Dreadful Rot  Necr/Pois/Air  0%         N/A       58%         2
 Lesser Beckoning         Tloc           0%         N/A       58%         2
 Momentum Strike          Conj/Tloc      0%         3d8       58%         2
 Teleport Other           Tloc           0%         N/A       83%         3
 Dispel Undead            Necr           0%         3d6       99%         4
 Death Channel            Necr           Unusable   N/A       N/A         6
 Malign Gateway           Summ/Tloc      Unusable   N/A       N/A         7

Dungeon Overview and Level Annotations

Branches:
Dungeon (9/15)             Temple (1/1) D:6            Lair (0/5) D:9
    Orc (0/2) D:9           Sewer (visited)

Altars:
Ashenzari
Cheibriados
Dithmenos
Elyvilon
Fedhas
Gozag
Hepliaklqana
Kikubaaqudgha
Makhleb
Nemelex Xobeh
Okawaru
Qazlal
Ru
Sif Muna
Trog
Uskayaw
Vehumet
Wu Jian
Xom
Yredelemnul
Zin
The Shining One

Shops:
D:2 [   D:4 :

Annotations:
D:3 2 runed translucent doors, Dogbites's ghost, amateur MiBe
D:6 2 runed translucent doors, Perinia's ghost, novice KoEn
D:9 Erica


Innate Abilities, Weirdness & Mutations

You are a tree.
Your roots penetrate the ground, keeping you stationary.
You cannot be teleported.
You are immune to unholy pain and torment.
Your maximum health is greatly increased.
Your equipment is partially melded.
((You have a pair of horns on your head.))
((You reflexively headbutt those who attack you in melee.))


Message History

You feel better.
You flicker back into view.
Something hits you.
* * * LOW HITPOINT WARNING * * *
Something burns you.
* * * LOW HITPOINT WARNING * * *
Okay, then.
There's nothing to open nearby.
There's nothing to open nearby.
Aiming: Fastroot
Press: ? - help, Q - select action, (/) - cycle Shift-Dir - straight line, f - you The roots erupt in riotous growth!
Something hits you but does no damage. x2
Unknown command.
Aiming: Fastroot
Press: ? - help, Q - select action, (/) - cycle Shift-Dir - straight line, f - you The roots erupt in riotous growth!
Erica appears from thin air!
Reactivating autopickup.
Erica gestures obscenely.
Erica hits you with a +1 scimitar of flaming.
* * * LOW HITPOINT WARNING * * *
Erica burns you.
* * * LOW HITPOINT WARNING * * *
It was a potion of brilliance.
You feel clever all of a sudden. Erica barely misses you.
Erica hits you but does no damage.
You closely miss Erica.
Erica is severely wounded.
Erica hits you but does no damage.
You closely miss Erica.
Erica is severely wounded.
Erica hits you with a +1 scimitar of flaming.
* * * LOW HITPOINT WARNING * * *
Erica burns you.
* * * LOW HITPOINT WARNING * * *
Erica hits you with a +1 scimitar of flaming.
* * * LOW HITPOINT WARNING * * *
Erica burns you.
You die...

# #........# # #........# #
#........# # #........#
#.........# # #........#
#.........# ###
##........#####.........# ...
#.......................# ..#
#.....####.@..............##
..##........ #.♣.........>.....#
..#........P.
#..................
.....P.........#........)......#
........>...)..................#
...............................#
..#...........#.######.....)...#
..# ....##. #.......†.## ..## #.
#####...)).. #. #####)##


You could see Erica.

Vanquished Creatures
  2 two-headed ogres
  Pikel (D:7)
  A hornet (D:8)
  2 wraiths (D:9)
  7 yaks
  2 steam dragons (D:8)
  A hornet zombie (D:6)
  An ice beast (D:7)
  2 orc warriors
  A black bear (D:9)
  An ogre (D:6)
  2 centaurs (D:9)
  2 phantoms (D:5)
  A gnoll sergeant (D:9)
  5 bullfrogs
  3 scorpions
  4 wights (D:7)
  A jelly (D:7)
  16 killer bees
  A howler monkey (D:5)
  3 bullfrog zombies (D:6)
  A quasit (D:7)
  5 hounds
  6 orc priests
  A gnoll bouda (D:5)
  A sleepcap (D:6)
  Jessica (D:3)
  2 iguanas (D:5)
  9 orc wizards
  2 killer bee zombies (D:6)
  12 adders
  11 gnolls
  4 river rats (Sewer)
  2 shadow imps (D:7)
  5 white imps (D:7)
  4 ufetubi (D:7)
  4 dart slugs
  A worm (Sewer)
  35 orcs
  6 ball pythons
  7 endoplasms
  3 giant cockroaches
  5 goblins
  3 hobgoblins
  3 jackals
  A quokka (Sewer)
  9 bats
  7 frilled lizards
  3 kobolds
  6 rats
218 creatures vanquished.

Vanquished Creatures (others)
  An orc wizard (D:4)
  2 orcs (D:8)
3 creatures vanquished.

Grand Total: 221 creatures vanquished

Notes
Turn   | Place    | Note
-------+----------+-------------------------------------------
     0 | D:1      | AgateBread the Minotaur Hunter began the quest for the Orb.
     0 | D:1      | Reached XP level 1. HP: 18/18 MP: 0/0
   236 | D:1      | Reached skill level 1 in Armour
   238 | D:1      | Reached XP level 2. HP: 25/25 MP: 1/1
   412 | D:1      | Found a faded altar of an unknown god.
   892 | D:2      | Found Romo's Antique Armour Boutique.
  1247 | D:2      | Found a hide-covered altar of Uskayaw.
  1253 | D:2      | Reached XP level 3. HP: 31/31 MP: 2/2
  1511 | D:3      | Found a snail-covered altar of Cheibriados.
  1718 | D:3      | Noticed Jessica
  1728 | D:3      | Killed Jessica
  1729 | D:3      | Reached skill level 5 in Ranged Weapons
  1729 | D:3      | Reached XP level 4. HP: 40/40 MP: 3/3
  1747 | D:3      | Found a runed translucent door.
  1754 | D:3      | Noticed Dogbites's ghost (amateur MiBe)
  2056 | D:3      | Noticed a scorpion
  2223 | D:3      | Reached XP level 5. HP: 46/46 MP: 4/4
  2223 | D:3      | Found a runed translucent door.
  2688 | D:4      | Found a glowing drain.
  2715 | Sewer    | Entered a sewer
  2906 | Sewer    | Reached XP level 6. HP: 55/55 MP: 5/5
  3209 | D:4      | Reached skill level 5 in Fighting
  3209 | D:4      | Reached skill level 6 in Ranged Weapons
  3215 | D:4      | Found Nonoiheaf's Book Shop.
  3523 | D:4      | Found a shimmering blue altar of Sif Muna.
  3879 | D:5      | Entered Level 5 of the Dungeon
  3986 | D:5      | Got the Papyrus of Superposition
  4230 | D:5      | Reached XP level 7. HP: 63/63 MP: 6/6
  4384 | D:5      | Reached skill level 7 in Ranged Weapons
  4598 | D:5      | Found a burning altar of Makhleb.
  5114 | D:2      | Bought a dyed leather armour for 145 gold pieces
  5114 | D:2      | Bought a glowing leather armour for 145 gold pieces
  5890 | D:6      | Reached skill level 8 in Ranged Weapons
  5890 | D:6      | Reached XP level 8. HP: 70/74 MP: 7/7
  6334 | D:6      | Found a large runed translucent door.
  6334 | D:6      | Found a large runed translucent door.
  6337 | D:6      | Noticed Perinia's ghost (novice KoEn)
  6494 | D:6      | Found a staircase to the Ecumenical Temple.
  6594 | Temple   | Entered the Ecumenical Temple
  6858 | D:6      | Found an iron altar of Okawaru.
  6859 | D:6      | Found a hide-covered altar of Uskayaw.
  6865 | D:6      | Became a worshipper of Warmaster Okawaru
  6939 | D:6      | You fall into a shaft and drop 2 floors!
  6974 | D:8      | Noticed a hornet
  6982 | D:8      | Killed a hornet
  6983 | D:8      | Reached skill level 9 in Ranged Weapons
  7189 | D:7      | Found an opulent altar of Gozag.
  7599 | D:7      | Found a sacrificial altar of Ru.
  7625 | D:7      | Reached skill level 1 in Shields
  7884 | D:7      | Reached * piety under Okawaru
  7885 | D:7      | Reached XP level 9. HP: 74/85 MP: 8/8
  8325 | D:7      | Reached skill level 10 in Fighting
  8416 | D:7      | Noticed a two-headed ogre
  8428 | D:7      | Killed a two-headed ogre
  8428 | D:7      | Reached ** piety under Okawaru
  8429 | D:7      | Reached skill level 10 in Ranged Weapons
  8528 | D:7      | Reached skill level 5 in Shields
  8883 | D:7      | Reached skill level 11 in Ranged Weapons
  9172 | D:6      | Found a basalt altar of Yredelemnul.
  9514 | D:8      | Noticed Pikel
  9561 | D:7      | Killed Pikel
  9562 | D:7      | Reached XP level 10. HP: 75/93 MP: 9/9
 10352 | D:8      | Reached *** piety under Okawaru
 10957 | D:8      | Reached skill level 12 in Ranged Weapons
 11181 | D:8      | Found a white marble altar of Elyvilon.
 11261 | D:9      | Noticed a two-headed ogre
 12395 | D:9      | Noticed an elephant
 12399 | D:9      | Killed a two-headed ogre
 12719 | D:9      | Reached skill level 13 in Ranged Weapons
 12842 | D:9      | Found a staircase to the Orcish Mines.
 13074 | D:9      | Found a staircase to the Lair.
 13074 | D:9      | Noticed Erica
 13097 | D:9      | HP: 3/144 [something (7)]
 13103 | D:9      | HP: 4/144 [Erica/+1 scimitar of flaming (4)]
 13103 | D:9      | HP: 1/144 [Erica/+1 scimitar of flaming (1)]
 13103 | D:9      | Slain by Erica

Illustrated notes

Levels and vault maps discovered:
D:1:      dpeg_arrival_houses_and_road, layout_basic,
          shapermc_ecumenical_altar_ellora
D:2:      kennysheep_big_flooded_room, layout_basic, basic_altar, serial_shops,
          shop
D:3:      layout_rooms, mainiacjoe_overflow_24_doors, ebering_ghost_sewer_f,
          uniq_jessica
D:4:      layout_loops_ring, tgw_sif, portal_sewer_entry_c, serial_shops,
          nicolae_book_shop_shelving
D:5:      layout_cave_pools, mainiacjoe_overflow_surrounded_room,
          hangedman_decor_slide_cut
D:6:      cheibrodos_iron_armory, layout_gridville,
          nicolae_yredelemnul_corpse_copse, gammafunk_temple_overflow_statue,
          minmay_temple_entry_stoned_glass, ebering_ghost_disaster_area,
          water_boxes_lemuel
D:7:      layout_loops_corners, mainiacjoe_overflow_small_starburst,
          grunt_gozag_statues, serial_demonic, serial_demonic_a,
          serial_demonic_a, serial_demonic_d, serial_demonic_f
D:8:      layout_rooms, mainiacjoe_overflow_alcove_2, kennysheep_nub, uniq_pikel
D:9:      layout_basic, david_lair_generic, david_orc_3, uniq_erica
Temple:   dshaligram_water_room_temple

Skill      XL: |  1  2  3  4  5  6  7  8  9 10 |
---------------+-------------------------------+-----
Armour         | 1 2 3 4 |  4.0
Fighting       | 3 4 6 7 9 10 11 | 11.5
Ranged Weapons | 5 6 8 9 11 13 | 13.2
Shields        | 1 7 8 |  8.0
Dodging        | |  2.1
Stealth        | |  0.7

Action                     |  1- 3 |  4- 6 |  7- 9 | 10-12 || total
---------------------------+-------+-------+-------+-------++-------
  Melee: Dagger            |     8 |       |    27 |    32 ||    67
         Headbutt          |     2 |       |    23 |    23 ||    48
         Whip              |       |       |    49 |    71 ||   120
         Punch             |       |       |     3 |     2 ||     5
         Arbalest          |       |       |     2 |       ||     2
   Fire: Shortbow          |    82 |   204 |   277 |    95 ||   658
         Arbalest          |       |       |    27 |     9 ||    36
  Throw: Dart              |       |     2 |     5 |     4 ||    11
         Javelin           |       |       |     4 |     5 ||     9
 Invoke: Heroism           |       |       |       |    10 ||    10
  Evoke: Wand              |       |       |       |    11 ||    11
    Use: Scroll            |     5 |     4 |     5 |     3 ||    17
         Potion            |       |       |     3 |    10 ||    13
   Stab: Sleeping          |     1 |       |       |       ||     1
 Armour: Leather armour    |    10 |     9 |   108 |    46 ||   173
         Robe              |       |    20 |     7 |       ||    27
         Skin              |       |       |       |    29 ||    29
  Dodge: Dodged            |    26 |    76 |   182 |   134 ||   418
  Block: Buckler           |       |       |       |    10 ||    10
